 Dungeon Crawl Stone Soup version 0.32-a0-329-ge6c31236d6 (webtiles) character file.

Game seed: 6416806327300745276

11745 Bravepunisher the Pandemonic (level 11, -2/58 HPs)
             Began as a Spriggan Monk on Feb 16, 2024.
             Was a High Priest of Makhleb.
             Slain by an eight-headed hydra (10 damage)
             ... on level 2 of the Lair of Beasts.
             The game lasted 00:40:38 (11059 turns).

Bravepunisher the Pandemonic (Spriggan Monk)       Turns: 11059, Time: 00:40:39

Health: -2/58      AC:  6    Str: 13    XL:     11   Next: 53%
Magic:  21/21      EV: 24    Int: 12    God:    Makhleb [*****.]
Gold:   1168       SH:  7    Dex: 28    Spells: 10/10 levels left

rFire   + . .        F - +4 flail (freeze)
rCold   . . .        y - +0 buckler
rNeg    . . .        C - +2 robe {rF+}
rPois   .            (helmet restricted)
rElec   .            A - scarf {repulsion}
rCorr   .            (gloves unavailable)
SInv    +            (boots unavailable)
Will    ++...        (no amulet)
Stlth   ++           k - +6 ring of dexterity
HPRegen 0.29/turn    r - +6 ring of strength
MPRegen 0.17/turn

%: repel missiles
@: very quick
A: very small, no large weapons, unfitting armour, see invisible, speed 3, horns
1, iridescent scales 1, strong-willed 1
a: Renounce Religion, Minor Destruction, Lesser Servant of Makhleb, Major
Destruction, Greater Servant of Makhleb


You were on level 2 of the Lair of Beasts.
You worshipped Makhleb.
Makhleb was extremely pleased with you.
You visited 3 branches of the dungeon, and saw 12 of its levels.

You collected 1168 gold pieces.

Inventory:

Hand Weapons
 F - a +4 flail of freezing (weapon)
Missiles
 E - a throwing net (quivered)
Armour
 y - a +0 buckler (worn)
 A - a scarf of repulsion (worn)
 C - a +2 robe of fire resistance (worn)
Jewellery
 e - a ring of protection from cold
 k - a +6 ring of dexterity (left hand)
 r - a +6 ring of strength (right hand)
Wands
 b - a wand of polymorph (20)
 D - a wand of flame (7)
Scrolls
 a - a scroll of vulnerability {unknown}
 d - 7 scrolls of teleportation {unknown}
 f - 3 scrolls of revelation {unknown}
 g - 2 scrolls of amnesia {unknown}
 i - a scroll of fear {unknown}
 n - 2 scrolls of poison {unknown}
 p - a scroll of silence {unknown}
 q - 4 scrolls of brand weapon {unknown}
 s - 3 scrolls of enchant weapon {unknown}
 u - a scroll of fog {unknown}
 w - 2 scrolls of summoning {unknown}
 x - 6 scrolls of identify {unknown}
 B - 2 scrolls of immolation {unknown}
Potions
 c - a potion of ambrosia
 h - a potion of mutation
 j - 2 potions of haste {unknown}
 l - 3 potions of curing
 m - 2 potions of might
 o - a potion of resistance {unknown}
 t - a potion of lignification
 v - a potion of degeneration {unknown}


   Skills:
 + Level 7.5 Fighting
 - Level 3.2(4.6) Short Blades
 - Level 3.6(4.0) Long Blades
 + Level 6.8 Dodging
 - Level 5.6 Shields
 * Level 13.1 Invocations


You had 10 spell levels left.
You didn't know any spells.
Your spell library contained the following spells:

 Spells                   Type           Power      Damage    Failure   Level
 Shock                    Conj/Air       0%         1d3       41%         1
 Sting                    Conj/Alch      0%         1d3       41%         1
 Mercury Vapours          Alch/Air       0%         N/A       54%         2
 Mephitic Cloud           Conj/Alch/Air  0%         N/A       78%         3
 Swiftness                Air            0%         N/A       78%         3
 Airstrike                Air            0%         2d(0-16)  99%         4
 Anguish                  Hex/Necr       0%         N/A       99%         4
 Cause Fear               Hex            0%         N/A       99%         4
 Olgreb's Toxic Radiance  Alch           0%         N/A       99%         4
 Freezing Cloud           Conj/Ice/Air   0%         6-21      100%        5
 Enfeeble                 Hex            0%         N/A       100%        7


Dungeon Overview and Level Annotations

Branches:
Dungeon (9/15)             Temple (1/1) D:5            Lair (2/5) D:8
  Swamp: Lair:2-3    Shoals: Lair:2-3     Snake: Lair:2-3    Spider: Lair:2-3
    Orc: D:9-12

Altars:
Ashenzari
Cheibriados
Dithmenos
Elyvilon
Fedhas
Gozag
Hepliaklqana
Kikubaaqudgha
Makhleb
Nemelex Xobeh
Okawaru
Qazlal
Ru
Sif Muna
Trog
Uskayaw
Vehumet
Wu Jian
Yredelemnul
Zin
The Shining One

Shops:
D:5 (

Annotations:
D:5 2 runed translucent doors, zenocrate's ghost, weakling OpDe
Lair:1 exclusion: 4 oklob plants


Innate Abilities, Weirdness & Mutations

You are very small and have problems with some larger weapons.
You are too small for most types of armour.
You have supernaturally acute eyesight. (SInv)
You cover ground extremely quickly. (Speed+++)
You have a pair of small horns on your head.
You are partially covered in iridescent scales. (AC +2)
You are strong-willed. (Will+)


Message History

The eight-headed hydra bites you.
The eight-headed hydra barely misses you. x2
The eight-headed hydra misses you.
You block the eight-headed hydra's attack. x2
The eight-headed hydra closely misses you.
The eight-headed hydra bites you!
Your neqoxec hits the eight-headed hydra.
Aiming: Minor Destruction (0% risk of failure)
Press: ? - help, Shift-Dir - straight line, f/p - eight-headed hydra
Aim: an eight-headed hydra (moderately wounded, covered in acid, ally target)
The eight-headed hydra resists with significant effort.
The eight-headed hydra closely misses you.
The eight-headed hydra bites you.
The eight-headed hydra completely misses you.
You block the eight-headed hydra's attack.
The eight-headed hydra completely misses you.
You block the eight-headed hydra's attack.
The eight-headed hydra bites you.
The eight-headed hydra closely misses you.
Your neqoxec hits the eight-headed hydra.
Aiming: Minor Destruction (0% risk of failure)
Press: ? - help, Shift-Dir - straight line, f/p - eight-headed hydra
Aim: an eight-headed hydra (moderately wounded, covered in acid, ally target)
The stone arrow hits the eight-headed hydra!
The eight-headed hydra is heavily wounded.
The eight-headed hydra completely misses you. x2
The eight-headed hydra bites you! The eight-headed hydra bites you.
The eight-headed hydra misses you. The eight-headed hydra bites you.
* * * LOW HITPOINT WARNING * * *
The eight-headed hydra bites you!
* * * LOW HITPOINT WARNING * * *
The eight-headed hydra bites you but does no damage.
Your neqoxec hits the eight-headed hydra!
You block the bullfrog's attack. You block the bullfrog's attack.
Your neqoxec closely misses the bullfrog.
The eight-headed hydra misses you.
The eight-headed hydra closely misses you. x2
The eight-headed hydra bites you!
You die...

♣...## ♣....# ♣♣♣♣..#
♣....## ♣♣ ♣♣...P###
♣♣.♣ ♣.......# ♣...
###.<....3#
##...#♣####.<....D.<#
........#...###.@F..#
#...P.#...####...(###
#........## ###.##
##....##.# ### #....#
##.. ..[.. ...# .P..
...# .... ..... ...
>.....


You could see an eight-headed hydra (corroded, ally target), a bullfrog and a
friendly neqoxec (summoned).

Vanquished Creatures
  A two-headed ogre (D:9)
  An ugly thing (D:9)
  A black mamba (Lair:1)
  4 cane toads
  3 komodo dragons (Lair:1)
  3 hornets
  9 yaks
  2 steam dragons
  An acid dragon (D:9)
  2 water moccasins (Lair:1)
  3 orc warriors
  A black bear (D:7)
  5 wolves (Lair:1)
  3 ogres
  5 centaurs
  4 bullfrogs
  4 scorpions
  A gnoll sergeant (D:8)
  14 wights
  6 killer bees
  4 howler monkeys
  6 hounds
  3 jellies
  4 bombardier beetles
  7 orc priests
  14 orc wizards
  A sleepcap (D:5)
  Natasha (thrice) (D:2)
  6 iguanas
  15 gnolls
  4 adders
  A shadow imp (D:5)
  4 white imps
  4 dart slugs
  2 ribbon worms (D:4)
  37 orcs
  6 ball pythons
  2 bats (D:1)
  10 endoplasms
  3 giant cockroaches
  6 goblins
  8 hobgoblins
  7 quokkas
  A frilled lizard (D:2)
  11 kobolds
  4 rats
246 creatures vanquished.

Vanquished Creatures (collateral kills)
  Erica (D:8)
  A kobold demonologist (D:9)
  2 yaks (D:9)
  5 killer bees
  An orc wizard (D:9)
10 creatures vanquished.

Grand Total: 256 creatures vanquished

Notes
Turn   | Place    | Note
-------+----------+-------------------------------------------
     0 | D:1      | Bravepunisher the Spriggan Monk began the quest for the
                  | Orb.
     0 | D:1      | Reached XP level 1. HP: 11/11 MP: 2/2
   123 | D:1      | Reached XP level 2. HP: 14/16 MP: 3/3
   397 | D:2      | Reached skill level 5 in Dodging
   397 | D:2      | Reached XP level 3. HP: 19/19 MP: 4/4
   632 | D:5      | Entered Level 5 of the Dungeon
   632 | D:5      | Noticed a scorpion
   632 | D:5      | Noticed an ogre
   696 | D:5      | Found a staircase to the Ecumenical Temple.
   709 | Temple   | Entered the Ecumenical Temple
   728 | Temple   | Became a worshipper of Makhleb the Destroyer
   728 | Temple   | Reached * piety under Makhleb
   728 | Temple   | Reached ** piety under Makhleb
  1007 | D:1      | Reached skill level 1 in Invocations
  1365 | D:1      | Reached XP level 4. HP: 21/23 MP: 6/6
  1592 | D:1      | Reached skill level 2 in Invocations
  1768 | D:2      | Noticed Natasha
  1772 | D:2      | Killed Natasha
  1885 | D:2      | Noticed Natasha
  1890 | D:2      | Killed Natasha
  1891 | D:2      | Reached skill level 3 in Invocations
  2132 | D:2      | Reached XP level 5. HP: 27/28 MP: 8/8
  2215 | D:2      | Noticed Natasha
  2218 | D:2      | Killed Natasha
  2219 | D:2      | Reached skill level 4 in Invocations
  2330 | D:3      | Found a hide-covered altar of Uskayaw.
  2415 | D:3      | Reached XP level 6. HP: 25/32 MP: 10/10
  2568 | D:3      | Reached skill level 5 in Invocations
  2654 | D:3      | Reached *** piety under Makhleb
  2910 | D:4      | Reached skill level 6 in Invocations
  3196 | D:4      | Found an iron altar of Okawaru.
  3277 | D:4      | Found a shimmering blue altar of Sif Muna.
  3512 | D:4      | Reached XP level 7. HP: 34/35 MP: 12/12
  4097 | D:5      | Found a large runed translucent door.
  4097 | D:5      | Found a large runed translucent door.
  4100 | D:5      | Noticed zenocrate's ghost (weakling OpDe)
  4206 | D:5      | Found Beelasi's Weapon Shop.
  4274 | D:5      | Reached skill level 1 in Shields
  4283 | D:5      | Reached skill level 7 in Invocations
  4314 | D:5      | Found a stormy altar of Qazlal.
  4455 | D:5      | Reached **** piety under Makhleb
  4767 | D:5      | Reached XP level 8. HP: 38/42 MP: 14/14
  5275 | D:6      | Reached skill level 8 in Invocations
  5931 | D:6      | Found a bloodstained altar of Trog.
  6062 | D:7      | Found Tiwuysur's Armour Shoppe.
  6122 | D:7      | Reached skill level 9 in Invocations
  6393 | D:7      | Reached XP level 9. HP: 41/46 MP: 16/16
  6534 | D:7      | Reached skill level 5 in Fighting
  6884 | D:7      | Reached skill level 10 in Invocations
  7188 | D:7      | Identified a scroll of acquirement
  7188 | D:7      | Acquired 526 gold pieces
  7211 | D:8      | Found an ancient bone altar of Kikubaaqudgha.
  7313 | D:8      | Found a staircase to the Lair.
  7555 | D:8      | Noticed Erica
  7639 | D:9      | Noticed a red ugly thing
  7717 | D:9      | Noticed a two-headed ogre
  7725 | D:9      | Killed a two-headed ogre
  7726 | D:9      | Reached skill level 1 in Long Blades
  7726 | D:9      | Reached XP level 10. HP: 22/53 MP: 19/19
  7829 | D:9      | Reached skill level 11 in Invocations
  7846 | D:9      | Reached ***** piety under Makhleb
  8107 | D:9      | Reached skill level 5 in Shields
  8223 | D:9      | Killed a green ugly thing
  8300 | D:9      | Reached skill level 12 in Invocations
  8856 | D:8      | Killed Erica
  8862 | D:8      | Reached XP level 11. HP: 33/58 MP: 21/21
  9098 | D:9      | Found an opulent altar of Gozag.
  9104 | D:9      | Found a glowing silver altar of Zin.
  9258 | D:9      | Noticed a deep elf pyromancer
  9324 | Lair:1   | Entered Level 1 of the Lair of Beasts
  9338 | Lair:1   | Gained mutation: You are strong-willed. (Will+) [potion of
                  | mutation]
  9338 | Lair:1   | Gained mutation: You have a pair of small horns on your
                  | head. [potion of mutation]
  9338 | Lair:1   | Gained mutation: You are partially covered in iridescent
                  | scales. (AC +2) [potion of mutation]
  9340 | Lair:1   | HP: 2/87 [black mamba (9)]
  9629 | Lair:1   | Identified the blade talisman "Pufiupp" {rN+ Will+ Str-5
                  | Dex+3}
 10057 | Lair:1   | Noticed an oklob plant
 10057 | Lair:1   | Noticed an oklob plant
 10355 | Lair:1   | Noticed an oklob plant
 10355 | Lair:1   | Noticed an oklob plant
 10609 | Lair:1   | Reached skill level 13 in Invocations
 11051 | Lair:2   | Noticed an eight-headed hydra
 11059 | Lair:2   | Slain by an eight-headed hydra

Illustrated notes

Levels and vault maps discovered:
D:1:      dpeg_arrival_stone_temple_mockup, layout_loops_corners, st_stairs_5,
          hangedman_decor_opposing, hex_large, minmay_tetromino_s2
D:2:      layout_loops_ring, uniq_natasha
D:3:      layout_loops_ring, lemuel_crystal_altar
D:4:      wad_river_or_something, layout_cave_pods, mainiacjoe_overflow_catwalk,
          okawaru_ov_weapons_minmay
D:5:      layout_basic, grunt_qazlal_clouds, minmay_temple_entry_tees,
          ebering_ghost_disaster_area, serial_shops, shop
D:6:      layout_basic, kennysheep_mini, grunt_tough_drop
D:7:      layout_basic, serial_shops, shop
D:8:      layout_cave_pools, mainiacjoe_overflow_concentric_impassable,
          st_stairs_8, uniq_erica
D:9:      hangedman_cross_stitches, layout_basic,
          grunt_temple_overflow_gold_and_silver, enter_bailey_5,
          minmay_librarian
Temple:   nicolae_temple_figure_eight
Lair:1:   layout_cave_pods, disabler_island, grunt_megastairs_5
Lair:2:   gammafunk_lair_enchanted_lake, layout_misc_corridors,
          hellmonk_spider_entry_not_the_bees

Skill      XL: |  1  2  3  4  5  6  7  8  9 10 11 |
---------------+----------------------------------+-----
Dodging        | 5 6 |  6.8
Invocations    | 1 3 4 6 7 9 10 12 13 | 13.1
Fighting       | 3 4 6 7 |  7.5
Shields        | 1 3 4 5 |  5.6
Long Blades    | 1 3 |  3.6
Short Blades   | |  3.2

Action                     |  1- 3 |  4- 6 |  7- 9 | 10-12 || total
---------------------------+-------+-------+-------+-------++-------
  Melee: Short sword       |    71 |     1 |       |       ||    72
         Whip              |       |    22 |    97 |    28 ||   147
         Flail             |       |       |       |    39 ||    39
         Headbutt          |       |       |       |     7 ||     7
  Throw: Throwing net      |     1 |       |     4 |     1 ||     6
 Invoke: Minor Destruction |    35 |   123 |   323 |   206 ||   687
         Lesser Servant of |       |       |     3 |     4 ||     7
  Evoke: Wand              |       |       |     4 |       ||     4
    Use: Potion            |     1 |       |     1 |     8 ||    10
         Scroll            |       |       |     2 |       ||     2
   Stab: Sleeping          |       |     1 |       |       ||     1
         Held in net/web   |       |       |     3 |     1 ||     4
         Distracted        |       |       |       |     3 ||     3
 Armour: Robe              |    24 |     6 |    48 |    61 ||   139
         Skin              |       |       |       |    13 ||    13
  Dodge: Dodged            |    52 |    19 |   118 |   159 ||   348
         Repelled          |       |       |     1 |     1 ||     2
  Block: Buckler           |       |       |    65 |    62 ||   127

Table legend: (Time is in decaauts)
 A = Elapsed time spent in this place.
 B = Non-inter-level travel time spent in this place.
 C = Inter-level travel time spent in this place.
 D = Time resting spent in this place.
 E = Time spent auto-exploring this place.
 F = Levels seen in this place.
 G = Mean time per level.
                   A        B        C        D        E       F      G
               +--------+--------+--------+--------+--------+-----+--------+
         Total |   8214 |   7852 |    362 |    476 |   5434 |  12 |  684.5 |
       Dungeon |   6809 |   6507 |    302 |    313 |   4488 |   9 |  756.6 |
        Temple |     24 |      3 |     21 |      0 |      0 |   1 |   24.0 |
          Lair |   1380 |   1341 |     39 |    163 |    945 |   2 |  690.0 |
               +--------+--------+--------+--------+--------+-----+--------+

Top non-repeatable levels by time:
  Lair:1: 1337 daAuts
     D:9: 977 daAuts
     D:4: 892 daAuts
     D:7: 892 daAuts
     D:1: 877 daAuts
     D:6: 768 daAuts
     D:5: 745 daAuts
     D:8: 695 daAuts
     D:2: 551 daAuts
     D:3: 409 daAuts
  Lair:2: 42 daAuts
  Temple: 24 daAuts
